Map: Disco Bloodbath LE

Players

SortOf

  • Race: Zerg Zerg
  • League: Master
  • Spawn Location: 9:00

HeroMarine - Winner!

  • Race: Terran Terran
  • League: Master
  • Spawn Location: 3:00

Event: HomeStory Cup XX

VOD

Have the link to the VOD?

Description

Time

  • Played on: Nov. 21, 2019, 11:38 a.m.
  • Length: 16:21

All games in this series

Show
View Real Time Build Order
Export as new Build Order

SortOf Zerg 

Build Orders: Hatch First, Lurkers 

Get SALT Encoding   

  12  0:00  Drone  
  13  0:12  Overlord  
  13  0:16  Drone  
  14  0:30  Drone x2  
  16  0:47  Hatchery  
  15  0:51  Drone  
  15  0:54  Drone  
  17  0:57  Drone  
  18  1:09  Extractor  
  17  1:12  Spawning Pool  
  17  1:16  Drone  
  17  1:18  Drone  
  18  1:28  Drone  
  19  1:39  Drone  
  20  1:50  Drone  
  21  1:59  Queen x2  
  25  2:02  Zergling x4  
  27  2:10  Overlord  
  27  2:14  Metabolic Boost, Drone  
  28  2:31  Drone x3  
  28  2:34  Queen  
  33  2:44  Overlord  
  33  2:45  Drone x2  
  35  2:53  Drone  
  36  3:00  Pneumatized Carapace  
  36  3:02  Hatchery  
  36  3:05  Drone x2  
  37  3:12  Drone x2  
  39  3:14  Drone  
  39  3:17  Overlord  
  40  3:20  Queen  
  40  3:23  Drone  
  40  3:25  Drone  
  44  3:30  Overlord  
  44  3:38  Drone x2  
  46  3:43  Queen  
  46  3:45  Zergling x2  
  46  3:46  Drone  
  46  3:47  Drone  
  51  3:50  Drone x2  
  53  3:56  Overlord  
  53  3:58  Drone  
  53  4:00  Lair  
  54  4:04  Overlord  
  54  4:09  Zergling x2, Roach Warren  
  54  4:13  Zergling x2  
  54  4:15  Zergling x4, Drone  
  54  4:16  Spore Crawler  
  57  4:17  Drone  
  57  4:18  Drone  
  57  4:23  Queen  
  61  4:30  Queen  
  63  4:31  Overlord  
  63  4:33  Drone  
  63  4:36  Drone x2  
  66  4:38  Drone  
  66  4:43  Drone x3  
  70  4:46  Overlord  
  70  4:49  Drone x2  
  70  4:50  Drone  
  73  4:56  Drone x2  
  75  5:02  Overseer, Overlord  
  75  5:04  Drone  
  76  5:09  Overlord  
  76  5:10  Extractor x2, Drone x4  
  76  5:11  Evolution Chamber  
  76  5:12  Evolution Chamber  
  76  5:13  Extractor  
  75  5:14  Queen  
  75  5:17  Drone x2  
  79  5:22  Drone x4  
  83  5:32  Overlord  
  83  5:33  Baneling Nest  
  82  5:46  Hydralisk Den  
  78  5:51  Zergling x2  
  78  5:53  Drone x11  
  78  5:56  Queen  
  80  6:00  Zerg Melee Weapons Level 1, Spine Crawler  
  80  6:01  Drone x2  
  81  6:09  Zergling x4  
  83  6:19  Drone  
  83  6:20  Drone  
  83  6:23  Drone x6  
  83  6:24  Drone  
  90  6:31  Extractor  
  89  6:34  Hatchery  
  89  6:35  Drone  
  89  6:36  Drone x2  
  89  6:37  Extractor  
  89  6:38  Hatchery  
  89  6:41  Zerg Ground Armor Level 1  
  89  6:44  Muscular Augments  
  89  6:45  Zergling x6  
  92  6:50  Zergling x4  
  94  6:57  Zergling x2  
  94  6:59  Centrifical Hooks  
  95  7:01  Baneling  
  95  7:03  Overlord  
  95  7:05  Zergling x8  
  100  7:13  Drone x2, Overlord  
  100  7:14  Zergling x8  
  105  7:20  Hatchery, Overlord  
  104  7:25  Hatchery, Hydralisk x2  
  104  7:29  Drone  
  108  7:31  Infestation Pit  
  108  7:32  Baneling  
  108  7:35  Baneling x8, Hydralisk  
  108  7:36  Zergling x6, Hydralisk  
  115  7:51  Hydralisk x5  
  112  7:58  Overlord  
  122  8:00  Hatchery  
  122  8:03  Zergling x18  
  130  8:07  Baneling x2  
  130  8:08  Baneling x2  
  121  8:22  Hydralisk x7  
  123  8:30  Drone x5  
  123  8:33  Hive  
  124  8:38  Drone x7  
  131  8:42  Lurker Den, Baneling x2  
  130  8:51  Extractor  
  130  8:53  Drone, Overlord x2  
  130  8:54  Extractor, Drone x3  
  130  8:55  Drone x2  
  134  8:56  Drone  
  135  9:04  Zergling x14  
  140  9:10  Baneling x2  
  140  9:11  Zerg Ground Armor Level 2, Zerg Melee Weapons Level 2  
  140  9:14  Grooved Spines, Zergling x2  
  140  9:15  Zergling x6  
  144  9:30  Zergling x20  
  144  9:31  Hatchery, Zergling x2  
  148  9:32  Baneling  
  148  9:33  Baneling x5  
  145  9:42  Lurker x4, Seismic Spines  
  145  9:43  Overlord  
  149  9:46  Zergling x14  
  151  9:58  Lurker  
  151  9:59  Lurker  
  157  10:00  Zergling x18  
  152  10:20  Zergling x10, Hydralisk x3  
  152  10:21  Zergling x2  
  164  10:22  Overlord  
  164  10:24  Overlord  
  164  10:31  Hydralisk x3  
  164  10:32  Zergling x4  
  172  10:42  Lurker x2, Spore Crawler  
  163  10:43  Lurker x2  
  163  10:48  Zergling x8  
  163  10:49  Zergling x12  
  161  10:53  Viper x2  
  161  11:05  Zergling x22  
  161  11:07  Viper  
  161  11:09  Overlord  
  173  11:11  Zergling x8  
  168  11:28  Zergling x4, Hydralisk x6  
  168  11:29  Zergling x10, Hydralisk  
  175  11:34  Hatchery  
  175  11:37  Hydralisk x3  
  175  11:38  Zergling x2  
  147  11:41  Hydralisk  
  147  11:42  Hydralisk  
  128  11:47  Hydralisk  
  128  11:48  Hydralisk x6  
  139  11:55  Hydralisk  
  139  11:56  Hydralisk x3  
  139  12:00  Lurker  
  148  12:02  Overlord  
  148  12:10  Viper  
  148  12:14  Zergling x8  
  155  12:15  Hatchery  
  155  12:22  Lurker  
  155  12:23  Zergling x12, Lurker  
  155  12:24  Zergling x10  
  164  12:33  Zergling x10  
  151  12:42  Lurker x3  
  152  12:45  Zergling x14  
  152  12:50  Overseer  
  159  12:55  Baneling  
  159  12:56  Zerg Ground Armor Level 3  
  159  12:57  Drone x3  
  162  13:01  Hatchery  
  151  13:18  Adaptive Talons  
  151  13:19  Hydralisk  
  142  13:20  Hydralisk x2  
  142  13:27  Hydralisk x4  
  142  13:28  Zergling x8  
  153  13:35  Hydralisk x2  
  153  13:36  Zergling x4  
  154  13:45  Hydralisk x2  
  154  13:46  Zergling x6  
  159  13:59  Hatchery, Overseer  
  159  14:01  Nydus Network  
  157  14:05  Zergling x18  
  157  14:06  Zergling x4  
  168  14:11  Extractor, Lurker x2  
  167  14:19  Zergling x12  
  167  14:23  Queen  
  172  14:26  Drone  
  172  14:27  Spore Crawler  
  170  14:45  Nydus Canal  
  168  14:50  Lurker  
  168  14:51  Lurker  
  168  14:52  Zergling x12  
  175  14:57  Zergling x4  
  168  15:05  Hydralisk x5  
  167  15:14  Hydralisk x2  
  161  15:18  Hydralisk x4  
  161  15:21  Hydralisk  
  156  15:25  Nydus Canal, Hydralisk x3  
  141  15:31  Zergling x2  
  141  15:34  Queen x3  
  135  15:35  Hydralisk x2  
  135  15:36  Hydralisk  
  141  15:48  Hydralisk x3  
  141  15:49  Zergling x2  
  148  15:52  Hatchery, Lurker x2  
  148  15:56  Zergling x8  
Show
View Real Time Build Order
Export as new Build Order

HeroMarine Terran - Winner!

Build Orders: Hellion Opening, Reaper Expand 

Get SALT Encoding   

  12  0:00  SCV  
  13  0:13  SCV  
  14  0:17  Supply Depot  
  14  0:25  SCV  
  15  0:38  SCV  
  15  0:40  Barracks  
  16  0:43  Refinery  
  16  0:50  SCV  
  17  1:02  SCV  
  18  1:14  SCV  
  19  1:26  Reaper  
  19  1:27  Orbital Command  
  20  1:39  Command Center  
  20  1:49  Supply Depot  
  20  1:52  SCV  
  21  1:58  Marine  
  22  2:04  SCV  
  22  2:06  Factory  
  23  2:12  Refinery  
  23  2:16  SCV  
  23  2:20  Barracks Reactor  
  24  2:28  SCV  
  25  2:40  SCV  
  26  2:51  Orbital Command  
  26  2:52  SCV  
  26  2:53  Starport  
  27  3:00  Hellion x2  
  27  3:02  Barracks Tech Lab  
  27  3:04  SCV  
  32  3:17  SCV x2  
  34  3:21  Hellion x2  
  34  3:24  Supply Depot  
  38  3:29  SCV x2  
  40  3:35  Marine, Raven  
  43  3:43  Hellion  
  43  3:44  SCV  
  43  3:46  Hellion, SCV  
  49  3:49  Supply Depot  
  49  3:56  Barracks Tech Lab, SCV  
  49  3:58  SCV  
  51  4:05  Hellion  
  51  4:08  SCV  
  54  4:10  SCV  
  54  4:11  Hellion  
  54  4:13  Supply Depot  
  54  4:15  Marine  
  58  4:18  Raven  
  58  4:20  SCV  
  58  4:22  SCV  
  62  4:30  Command Center  
  62  4:34  Marine, Stimpack, SCV  
  62  4:35  SCV  
  65  4:41  Barracks  
  65  4:42  Barracks  
  65  4:43  Factory Reactor  
  65  4:46  Supply Depot  
  65  4:47  SCV  
  65  4:48  SCV  
  65  4:52  Marine  
  68  4:57  Refinery x2  
  68  4:59  SCV  
  69  5:00  SCV  
  69  5:04  Engineering Bay  
  70  5:07  Engineering Bay  
  70  5:10  Marine  
  70  5:12  Starport Reactor, SCV x2  
  73  5:21  Supply Depot  
  73  5:24  SCV x2  
  73  5:28  Marine  
  76  5:29  Marine x2  
  76  5:31  Terran Infantry Weapons Level 1  
  76  5:33  Terran Infantry Armor Level 1  
  78  5:40  Barracks  
  78  5:42  Marine x2  
  80  5:43  Barracks  
  80  5:45  Marine  
  80  5:47  Marine x2  
  83  5:52  SCV x2  
  83  5:53  Orbital Command  
  85  5:57  Medivac x2  
  85  5:59  Marine  
  90  6:04  SCV x2  
  92  6:16  SCV x2  
  92  6:21  Marine x2  
  92  6:22  Marine  
  93  6:28  Orbital Command, SCV x2  
  93  6:30  Combat Shield, Supply Depot, Barracks Reactor  
  93  6:31  Medivac, Supply Depot, Siege Tank, Barracks Reactor  
  100  6:40  SCV  
  100  6:46  Marine x5, Medivac, SCV  
  109  6:49  Supply Depot  
  109  6:52  SCV  
  110  6:57  Armory  
  110  6:58  SCV x2  
  110  6:59  Supply Depot  
  112  7:04  Marine x4, SCV  
  117  7:10  SCV x2  
  117  7:14  Siege Tank  
  122  7:17  Factory  
  122  7:19  SCV  
  122  7:21  Supply Depot  
  122  7:22  Marine x3, Supply Depot  
  125  7:23  SCV x2  
  125  7:24  Marine  
  125  7:25  Marine  
  125  7:26  Marine  
  131  7:31  SCV  
  131  7:35  SCV  
  133  7:39  SCV  
  133  7:44  Marine  
  135  7:45  Supply Depot  
  135  7:47  Marine x4  
  135  7:48  Siege Tank  
  142  7:52  Refinery  
  142  7:53  Refinery, Supply Depot  
  142  7:54  Supply Depot  
  142  7:57  Marine x4  
  145  7:58  Terran Infantry Weapons Level 2  
  145  7:59  Terran Infantry Armor Level 2  
  145  8:01  Marine  
  145  8:05  Marine x2, Factory Tech Lab  
  148  8:08  Marine  
  148  8:09  Marine  
  146  8:14  Marine  
  146  8:17  Marine  
  146  8:18  Marine  
  134  8:21  Marine x2  
  134  8:22  Siege Tank  
  134  8:26  Medivac  
  139  8:28  Marine x2  
  139  8:29  Marine x2  
  139  8:31  Siege Tank  
  139  8:32  Marine  
  138  8:35  Marine x2  
  138  8:39  Marine x2, Command Center  
  142  8:44  Supply Depot  
  142  8:46  Marine x2, Supply Depot  
  142  8:47  Marine  
  142  8:48  Marine  
  146  8:50  Marine  
  146  8:53  Marine x2, Medivac  
  146  8:55  Terran Vehicle And Ship Armor Level 1  
  151  8:57  Medivac  
  151  8:58  Siege Tank  
  151  9:00  Marine  
  155  9:07  Marine x2  
  155  9:09  Marine  
  157  9:10  Marine x3, Siege Tank  
  157  9:11  Marine  
  157  9:12  Marine  
  166  9:18  Marine  
  167  9:24  Marine  
  167  9:25  Marine  
  167  9:26  Factory  
  167  9:27  Marine x3  
  167  9:28  Marine  
  167  9:29  Marine x2  
  167  9:30  Siege Tank  
  165  9:36  Marine  
  166  9:41  Medivac x2  
  166  9:42  Marine x2  
  166  9:43  Siege Tank  
  166  9:45  Marine x3  
  174  9:56  Marine  
  169  10:00  Barracks  
  169  10:01  SCV x3  
  169  10:02  Barracks  
  169  10:03  Barracks  
  175  10:07  Siege Tank  
  175  10:10  Marine  
  175  10:13  Marine x2  
  177  10:14  Marine  
  177  10:15  Marine, Siege Tank  
  177  10:16  Factory Tech Lab  
  177  10:18  SCV x3  
  177  10:20  Planetary Fortress  
  185  10:30  SCV x2  
  185  10:31  SCV  
  185  10:35  Marine x3, Marauder  
  192  10:37  Marine x2  
  192  10:38  Marine  
  192  10:40  Marine x2  
  197  10:47  SCV x2  
  197  10:48  SCV  
  190  10:51  Marine x2  
  190  10:52  Marine  
  190  10:53  Marine x3  
  190  10:55  Marine  
  190  10:56  Marauder, Siege Tank  
  194  10:59  SCV x2  
  194  11:00  SCV  
  196  11:07  Marine x2  
  196  11:09  Terran Infantry Weapons Level 3, Terran Infantry Armor Level 3  
  198  11:17  Terran Vehicle And Ship Armor Level 2  
  190  11:20  Refinery  
  190  11:21  Refinery  
  190  11:28  Marine x2  
  190  11:29  Marine x2  
  192  11:33  Siege Tank  
  192  11:36  Marine x2  
  192  11:38  Marine x2  
  192  11:39  Marauder  
  187  11:40  Siege Tank  
  187  11:41  Barracks Tech Lab x2, Siege Tank  
  187  11:42  Barracks Tech Lab  
  187  11:46  Marine  
  174  11:48  Marine x2  
  174  11:50  Marine  
  172  11:54  Marine x2  
  172  11:55  Medivac x2  
  172  11:56  Marine  
  172  12:00  Marauder, Command Center  
  181  12:01  SCV  
  181  12:02  SCV  
  181  12:08  Marine x4, Marauder x2  
  187  12:09  Marine  
  187  12:12  Siege Tank  
  187  12:13  Siege Tank  
  187  12:14  Marine x2  
  200  12:17  Liberator x2  
  200  12:21  Marauder  
  198  12:24  Marine  
  198  12:28  Marauder  
  198  12:29  Marine x2  
  192  12:30  Marine  
  192  12:31  Marine  
  192  12:32  Siege Tank  
  192  12:37  Marauder, Marine x3  
  195  12:45  Siege Tank  
  198  12:52  Marauder  
  198  12:56  Starport  
  200  12:58  Fusion Core  
  200  12:59  Starport  
  200  13:02  Liberator  
  200  13:03  Liberator  
  200  13:10  Command Center  
  170  13:25  Marauder x2  
  170  13:26  Siege Tank x2  
  182  13:27  Marine x2  
  182  13:28  Marauder  
  182  13:32  Marine x2  
  188  13:40  Marine x2, Marauder  
  186  13:41  Marine  
  186  13:44  Starport Reactor x2  
  187  13:50  Hi-Sec Auto Tracking, Neosteel Armor  
  187  13:52  Ghost Academy  
  187  13:55  Marine  
  187  13:56  Marauder  
  187  14:00  Siege Tank  
  192  14:07  Planetary Fortress  
  192  14:10  Refinery  
  192  14:13  Refinery  
  192  14:26  Advanced Ballistics  
  192  14:28  Orbital Command  
  192  14:31  Command Center  
  192  14:34  Command Center  
  189  14:47  Marauder  
  188  14:53  Liberator x3  
  188  14:57  Marauder  
  188  14:58  Marauder  
  188  15:00  Marine x2  
  188  15:07  Marine x3, Marauder  
  182  15:08  Marine  
  182  15:09  Marauder, Siege Tank  
  182  15:10  Siege Tank x2  
  182  15:12  Concussive Shells  
  199  15:19  Marauder  
  199  15:20  Marauder, Liberator  
  199  15:21  Marine x2  
  176  15:22  Marine  
  176  15:24  Marine  
  172  15:28  Marauder  
  172  15:30  Marauder  
  172  15:31  Marine x2  
  172  15:32  Marine  
  171  15:37  Medivac  
  171  15:38  Marine, Medivac  
  171  15:40  Marauder  
  171  15:41  Marauder, Siege Tank  
  171  15:42  Siege Tank x2  
  192  15:48  Orbital Command x2  
  195  16:02  Barracks Reactor  
Tags
 
Add a new tag
Caveats
  • Supply blocks, unpowered buildings, or Contaminate may cause inaccurate times.
  • Supply counts are checked every 10 seconds.